semilg, neutral male human Healer --- ---.--- --.<...| |......-- |.d.....- |....--...| |...@- .... --.--hG ...... --- GrG........ r.G.^....... ...--.......- ..| -.---... .-- -- - .- . . -- -- semilg the Empiric Experience level: 4 Strength: 14 Dexterity: 9 Constitution: 14 Intelligence: 12 Wisdom: 14 Charisma: 16 Health: 0(38) Energy: 17(17) Def: 7 Gold: 1952 Moves: 3093 Dungeon seed: DJpN-m4gNbCxcuch Game ID: semilg_1564748893 Your Inventory: Coins $ - 1952 gold pieces Weapons a - an uncursed +0 scalpel v - a blessed +1 orcish dagger w - a blessed +0 elven dagger C - an uncursed +0 war hammer (weapon in hand) Q - 10 uncursed +0 darts S - an uncursed +0 dwarvish mattock T - an uncursed +0 dwarvish short sword V - a cursed -1 dagger W - a blessed +2 aklys Armor e - an uncursed +1 pair of leather gloves (being worn) q - a blessed +1 dwarvish iron helm (being worn) r - an uncursed burnt +0 dwarvish cloak (being worn) y - an uncursed +0 orcish helm Y - an uncursed +0 pair of iron shoes (being worn) Comestibles X - an uncursed food ration Scrolls P - a blessed scroll of teleportation Spellbooks A - an uncursed spellbook of light Potions c - 4 uncursed potions of healing d - 3 uncursed potions of extra healing t - an uncursed potion of hallucination x - an uncursed potion of full healing z - a cursed potion of healing Wands f - an uncursed wand of sleep (0:6) B - an uncursed wand of summoning (0:0) Tools b - an uncursed stethoscope l - an uncursed oil lamp (0:1294) N - a blessed wax candle (0:400) O - a blessed tallow candle (0:200) R - 6 uncursed tallow candles (0:200) Z - an uncursed towel Spells and supernatural/magical abilities: Name Level Category Cost Memory h - healing 1 healing 5pw 98% l - light 1 divination 8pw 98% x - extra healing 3 healing 23pw 98% S - stone to flesh 3 healing 31pw 98% W - pray for help -- divine ? -- Your skills at the end: Fighting Skills wands [Basic] Weapon Skills knife [Basic] Spellcasting Skills healing spells [Basic] Final Attributes: You were piously aligned. You were immune to poison. You were visible. You aggravated monsters. You last prayed 711 turns ago. Hermes was noncommittal. You are dead. Vanquished creatures: 2 gnome lords 2 little dogs a kitten 2 dwarves a homunculus a kobold lord a werejackal an iguana an acid blob 2 gas spores 3 hobbits a giant rat a cave spider a brown mold a yellow mold 2 green molds 9 gnomes 6 geckos 11 jackals a kobold 3 goblins 7 grid bugs a bat 3 lichens a newt 65 creatures vanquished. Voluntary challenges: You had been an atheist until turn 2379. You used a wielded weapon 110 times, starting on turn 234. You read items or engraved 19 times, starting on turn 1362. You never genocided any monsters. You never polymorphed an object. You never changed form. You used no wishes. You never split a pudding. You never wrote Elbereth's name. You never violated your personal moral code. Dungeon overview: The Dungeons of Doom: levels 1 to 4 Level 1 some sinks a long staircase Level 2 a weapon shop, a fountain, a vault stairs to The Gnomish Mines Level 3 a potion shop Level 4 an armor shop, a vault The Gnomish Mines: levels 3 to 4 Level 3 stairs to The Dungeons of Doom Level 4 <- You were here History has recorded: On T:1 you entered the Dungeons of Doom to retrieve the Amulet of Yendor! On T:116 you reached level 2 of The Dungeons of Doom. On T:587 you reached level 1 of The Gnomish Mines. On T:698 you reached level 3 of The Dungeons of Doom. On T:848 you advanced to experience level 2. On T:1146 you reached level 4 of The Dungeons of Doom. On T:1189 you advanced to experience level 3. On T:2515 you advanced to experience level 4. On T:2748 you reached level 2 of The Gnomish Mines. Score breakdown: Gold: 173 ( 7621 points) Experience: 4 levels ( 9649 points) Exploration: 4 levels ( 8.33%) ( 7579 points) Discoveries: 5 items ( 1.69%) ( 3899 points) Valuables value: (no points given unless you survive) Artifact value: 0 ( 0 points) Variety of kills: 25 monsters ( 6.58%) ( 7694 points) Turncount: 3093 turns ( -645 points) Survival: died (score multiplied by 80%) Total score: 28637 Latest messages: The gnome throws a dagger! The dagger hits the dwarf. The dwarf swings his broad pick at you. The dwarf hits! The gnome throws a dagger! The dagger misses the dwarf. You are almost hit by a dagger. You wake up. [9 turns] You miss the dwarf. The dwarf swings his broad pick at you. The dwarf hits! You miss the dwarf. The gnome zaps a wand of sleep! The sleep ray whizzes by the dwarf! The sleep ray hits you! The sleep ray hits the large dog! The dwarf swings his broad pick at you. The dwarf hits! The dwarf swings his broad pick at you. The dwarf hits! You die... Final status: Goodbye semilg the Healer, killed by a dwarf, while sleeping... You died in The Gnomish Mines on dungeon level 4 with 28637 points, and 1952 pieces of gold, after 3093 moves. You were level 4 with a maximum of 38 hit points when you died.